 Dungeon Crawl Stone Soup version 0.23.2-40-g277498a001 (webtiles) character file.

Game seed: 9424041413463361683

227 Exodus22XD the Magician (level 5, -1/28 HPs)
             Began as a Deep Elf Wizard on Sept 19, 2019.
             Succumbed to a scorpion's poison
             ... on level 4 of the Dungeon.
             The game lasted 00:05:55 (2523 turns).

Exodus22XD the Magician (Deep Elf Wizard)           Turns: 2523, Time: 00:05:55

Health: -1/28      AC:  3    Str:  1 (4)  XL:     5   Next: 70%
Magic:  1/13       EV: 12    Int: 28 (29) God:
Gold:   195        SH:  0    Dex: 11 (13) Spells: 1/12 levels left

rFire    . . .     SeeInvis .   g - +0 mace
rCold    + . .     Gourm    .   (no shield)
rNeg     + . .     Faith    .   s - +0 robe {rN+}
rPois    .         Spirit   .   b - +0 hat
rElec    .         Reflect  .   (no cloak)
rCorr    .         Harm     .   (no gloves)
MR       .....                  k - +0 pair of boots
Stlth    ++........             (no amulet)
HPRegen  0.09/turn              r - ring of protection from cold
MPRegen  0.13/turn              (no ring)

@: brilliant, lethally poisoned (-1 -> -14), berserk cooldown, very slightly
contaminated, slowed, very slow
A: no striking features
a: no special abilities


You were on level 4 of the Dungeon.
You were not hungry.

You visited 1 branch of the dungeon, and saw 4 of its levels.

You collected 195 gold pieces.

Inventory:

Hand Weapons
 g - a +0 mace (weapon)
Armour
 b - a +0 hat (worn)
 k - a +0 pair of boots (worn)
 s - a +0 robe of positive energy (worn)
Jewellery
 r - a ring of protection from cold (left hand)
Wands
 f - a wand of scattershot (5)
Scrolls
 c - 3 scrolls of remove curse {unknown}
 e - 2 scrolls of random uselessness {unknown}
 h - a scroll of noise {unknown}
 i - 4 scrolls of enchant weapon {unknown}
 j - a scroll of magic mapping {unknown}
 l - 3 scrolls of identify {unknown}
 p - a scroll of amnesia {unknown}
Comestibles
 d - 8 rations


   Skills:
 - Level 2.4 Dodging
 - Level 2.4 Stealth
 - Level 4.4 Spellcasting
 - Level 4.4 Conjurations
 * Level 4.4 Summonings
 - Level 1.1 Translocations


You had one spell level left.
You knew the following spells:

 Your Spells              Type           Power        Failure   Level  Hunger
a - Magic Dart            Conj           ####         1%          1    None
b - Call Imp              Summ           #####...     1%          2    None
c - Blink                 Tloc           N/A          1%          2    None
d - Conjure Flame         Conj/Fire      #####...     1%          3    ##.....
e - Mephitic Cloud        Conj/Pois/Air  ####....     1%          3    ##.....

Your spell library contained the following spells:

 Spells                   Type           Power        Failure   Level  Hunger
 Slow                     Hex            ###.....     1%          2    None


Dungeon Overview and Level Annotations

Branches:
Dungeon (4/15)
 Temple: D:4-7

Altars:
Nemelex Xobeh
Trog


Message History

It was a potion of berserk rage.
A red film seems to cover your vision as you go berserk!
You feel yourself moving faster!
You feel mighty!
* * * LOW HITPOINT WARNING * * *
You feel sick.
You are too berserk!
There is a lethal amount of poison in your body!
You feel a strong urge to attack something.
* * * LOW HITPOINT WARNING * * *
You feel sick.
You feel your anger nearly subside.
* * * LOW HITPOINT WARNING * * *
You feel sick.
You are no longer berserk.
You are exhausted.
You feel yourself slow down.
It was a potion of degeneration.
There was something very wrong with that liquid.
You feel weakened.
You feel dopey.
You feel clumsy.
You die...

...#...............#
#..................#
...#..............#
#<..#.............#
####...#.............# .###
##...#...#...........# #
.....#........#...........# #
............@..#.>..<....####
................#........#...
PP..PPP.........##...........
P..PPPP..........##..........
PP PP...........##...♣P.PP.♣
P.PP...........#....♣♣♣♣.♣
.....................♣♣...♣
.......................⌠.⌠.
.....................P.._..


There were no monsters in sight!

Vanquished Creatures
  A scorpion (D:4)
  Natasha (thrice) (D:2)
  3 gnolls (D:2)
  2 adders (D:3)
  A worm (D:3)
  A dart slug (D:3)
  2 leopard geckos
  An orc (D:3)
  A giant cockroach (D:3)
  12 hobgoblins
  3 jackals (D:3)
  4 kobolds
  A quokka (D:3)
  2 bats
  2 frilled lizards (D:1)
  4 goblins
  8 rats
51 creatures vanquished.

Notes
Turn   | Place    | Note
-------+----------+-------------------------------------------
     0 | D:1      | Exodus22XD the Deep Elf Wizard began the quest for the Orb.
     0 | D:1      | Reached XP level 1. HP: 10/10 MP: 7/7
   190 | D:1      | Reached XP level 2. HP: 15/15 MP: 3/9
   856 | D:2      | Reached XP level 3. HP: 19/19 MP: 4/10
  1415 | D:2      | Noticed Natasha
  1421 | D:2      | Killed Natasha
  1421 | D:2      | Reached XP level 4. HP: 24/24 MP: 4/12
  1425 | D:2      | Learned a level 2 spell: Call Imp
  1428 | D:2      | Learned a level 2 spell: Blink
  1432 | D:2      | Learned a level 3 spell: Conjure Flame
  1436 | D:2      | Learned a level 3 spell: Mephitic Cloud
  1542 | D:2      | Noticed Natasha
  1546 | D:2      | Killed Natasha
  1555 | D:2      | Noticed Natasha
  1562 | D:2      | Killed Natasha
  1774 | D:3      | Reached XP level 5. HP: 28/28 MP: 4/13
  2230 | D:3      | Found a bloodstained altar of Trog.
  2463 | D:4      | Found a sparkling altar of Nemelex Xobeh.
  2481 | D:4      | Noticed a centaur
  2520 | D:4      | HP: 2/42 [poisoned by a scorpion]
  2523 | D:4      | Succumbed to a scorpion's poison

Skill      XL: |  1  2  3  4  5 |
---------------+----------------+-----
Conjurations   | 2 3 4 |  4.4
Summonings     | 3 4 |  4.4
Dodging        | |  2.4
Stealth        | |  2.4
Spellcasting   | |  4.4
Translocations | |  1.1

Action                   |  1- 3 |  4- 6 || total
-------------------------+-------+-------++-------
Melee: Mace              |       |     1 ||     1
 Cast: Magic Dart        |    57 |    75 ||   132
Evoke: Wand              |       |     1 ||     1
  Use: Potion            |       |     3 ||     3
 Stab: Distracted        |       |     1 ||     1
  Eat: Chunk             |     1 |     4 ||     5
Armor: Robe              |       |     9 ||     9
Dodge: Dodged            |     7 |    31 ||    38
